 Dungeon Crawl Stone Soup version 0.26-a0-950-g52035dc9a5 (webtiles) character file.

Game seed: 10451035884959207709

192 KristoblXynda the Slasher (level 5, -7/46 HPs)
             Began as a Draconian Gladiator on Nov 29, 2020.
             Mangled by a wyvern (12 damage)
             ... on level 4 of the Dungeon.
             The game lasted 00:03:34 (3004 turns).

KristoblXynda the Slasher (Draconian Gladiator)     Turns: 3004, Time: 00:03:35

Health: -7/46      AC: 11    Str: 16    XL:     5   Next: 42%
Magic:  5/5        EV: 13    Int:  9    God:
Gold:   189        SH:  0    Dex: 13    Spells: 4/4 levels left

rFire    . . .     SeeInvis .   a - +0 long sword
rCold    . . .     Faith    .   (no shield)
rNeg     . . .     Spirit   .   (armour unavailable)
rPois    .         Reflect  .   b - +0 hat
rElec    .         Harm     .   n - +0 cloak
rCorr    .         Rampage  .   l - +0 pair of gloves
MR       .....                  (no boots)
Stlth    +.........             (no amulet)
HPRegen  0.15/turn              o - +4 ring of protection
MPRegen  0.09/turn              (no ring)

@: no status effects
A: unfitting armour, cold-blooded, AC +5
a: no special abilities


You were on level 4 of the Dungeon.
You visited 1 branch of the dungeon, and saw 4 of its levels.

You collected 189 gold pieces.

Inventory:

Hand Weapons
 a - a +0 long sword (weapon)
Missiles
 c - 3 throwing nets (quivered)
Armour
 b - a +0 hat (worn)
 l - a +0 pair of gloves (worn)
 n - a +0 cloak (worn)
Jewellery
 o - a +4 ring of protection (left hand)
Scrolls
 e - a scroll of blinking {unknown}
 g - a scroll of random uselessness {unknown}
 h - 4 scrolls of remove curse
 i - 3 scrolls of teleportation {unknown}
 m - a scroll of enchant weapon {unknown}
 q - a scroll of enchant armour {unknown}
Potions
 d - a potion of curing {unknown}
 f - a potion of might
 j - a potion of lignification
 k - a potion of resistance {unknown}


   Skills:
 + Level 3.6 Fighting
 * Level 4.7 Long Blades
 - Level 2.0 Throwing
 + Level 3.5 Dodging


You had 4 spell levels left.
You didn't know any spells.
Your spell library was empty.

Dungeon Overview and Level Annotations

Branches:
Dungeon (4/15)
 Temple: D:4-7

Altars:
Ru


Innate Abilities, Weirdness & Mutations

Your plain brown scales are hard. (AC +5)
You cannot fit into any form of body armour.
You are cold-blooded and may be slowed by cold attacks.


Message History

The wyvern closely misses you.
You riposte.
You hit the wyvern.
The wyvern is severely wounded.
The wyvern misses you.
You closely miss the wyvern.
The wyvern is severely wounded.
The wyvern bites you!
The wyvern bites you but does no damage.
You closely miss the wyvern.
The wyvern is severely wounded.
The wyvern completely misses you.
You slash the wyvern!
You tail-slap the wyvern, but do no damage.
The wyvern is almost dead.
The wyvern bites you!!
* * * LOW HITPOINT WARNING * * *
The wyvern bites you but does no damage.
You hit the wyvern.
The wyvern is almost dead.
The wyvern bites you!
You die...

## ≈≈..≈
#.. ≈≈...
#.# ≈≈≈≈≈≈
#.# ≈≈≈...
#.##.≈≈.
#.#..≈
..#####.#.#
........@l#
######.###
#...#
###.## ##
#..# .#
######.# .#
#<.....# .#
#.###..##.#
#.#...<<).#


You could see a wyvern.

Vanquished Creatures
  Terence (D:2)
  2 orc wizards (D:3)
  4 adders
  A worm (D:2)
  A leopard gecko (D:3)
  4 orcs
  2 ball pythons
  A giant cockroach (D:3)
  10 goblins
  12 hobgoblins
  6 jackals
  6 bats
  4 frilled lizards
  9 kobolds
  6 rats
69 creatures vanquished.

Vanquished Creatures (others)
  An orc wizard (D:3)
1 creature vanquished.

Grand Total: 70 creatures vanquished

Notes
Turn   | Place    | Note
-------+----------+-------------------------------------------
     0 | D:1      | KristoblXynda the Draconian Gladiator began the quest for
                  | the Orb.
     0 | D:1      | Reached XP level 1. HP: 17/17 MP: 1/1
   197 | D:1      | Reached XP level 2. HP: 25/25 MP: 2/2
   900 | D:2      | Reached XP level 3. HP: 30/30 MP: 3/3
  1412 | D:2      | Noticed Terence
  1435 | D:2      | Killed Terence
  1436 | D:2      | Reached skill level 4 in Long Blades
  1436 | D:2      | Reached XP level 4. HP: 11/38 MP: 4/4
  2401 | D:3      | Reached XP level 5. HP: 45/45 MP: 5/5
  2521 | D:3      | Found a sacrificial altar of Ru.
  2991 | D:4      | Noticed a wyvern
  3004 | D:4      | Mangled by a wyvern

Illustrated notes

Levels and vault maps discovered:
D:1:      eino_arrival_water_cross, layout_loops_ring
D:2:      cheibrodos_greedy_goblins, layout_rooms, serial_corexii_hall,
          chequers_hall_statues_wall_a, corexii_hall_statues_l,
          corexii_hall_statues_l, corexii_hall_statues_l,
          chequers_hall_statues_y, chequers_hall_statues_wall_a, uniq_terence
D:3:      layout_loops_ring, lemuel_round_altar, chequers_jeans
D:4:      layout_loops_ring, temple_fountains, hellmonk_ghost_happy_afterlife,
          serial_rivers, chequers_serial_rivers_micro_a,
          chequers_serial_rivers_micro_c, chequers_serial_rivers_small_3,
          chequers_serial_rivers_micro_c, chequers_serial_rivers_micro_e

Skill      XL: |  1  2  3 |
---------------+----------+-----
Throwing       | 2 |  2.0
Dodging        | 3 |  3.5
Fighting       | 3 |  3.6
Long Blades    | 4 |  4.7

Action                   |  1- 3 |  4- 6 || total
-------------------------+-------+-------++-------
Melee: Long sword        |    98 |    83 ||   181
       Tailslap          |    13 |     6 ||    19
  Use: Scroll            |     1 |     3 ||     4
 Stab: Sleeping          |     1 |     2 ||     3
Armor: Skin              |    23 |    39 ||    62
Dodge: Dodged            |    61 |    59 ||   120
       Rpst.: Long sword |    12 |    18 ||    30

Table legend: (Time is in decaauts)
 A = Elapsed time spent in this place.
 B = Non-inter-level travel time spent in this place.
 C = Inter-level travel time spent in this place.
 D = Time resting spent in this place.
 E = Time spent auto-exploring this place.
 F = Levels seen in this place.
 G = Mean time per level.
                   A        B        C        D        E       F      G
               +--------+--------+--------+--------+--------+-----+--------+
         Total |   3040 |   2991 |     49 |    558 |   1842 |   4 |  760.0 |
       Dungeon |   3040 |   2991 |     49 |    558 |   1842 |   4 |  760.0 |
               +--------+--------+--------+--------+--------+-----+--------+

Top non-repeatable levels by time:
     D:3: 1130 daAuts
     D:2: 989 daAuts
     D:1: 886 daAuts
     D:4: 33 daAuts
